 Dungeon Crawl Stone Soup version 0.31-a0-845-g9abc20d24f (webtiles) character file.

Game seed: 11308947149507020545

211 mopl the Insei (level 5, -1/34 HPs)
             Began as an Octopode Shapeshifter on Oct 1, 2023.
             Was a Follower of Uskayaw.
             Slain by a river rat (9 damage)
             ... in a sewer.
             The game lasted 00:03:14 (2698 turns).

mopl the Insei (Octopode Shapeshifter)              Turns: 2698, Time: 00:03:15

Health: -1/34      AC:  1    Str: 13    XL:     5   Next: 88%
Magic:  5/5        EV: 13    Int: 12    God:    Uskayaw [*.....]
Gold:   179        SH:  0    Dex: 14    Spells: 4/4 levels left

rFire   . .          .
                       - Unarmed
rCold   . . .        (no shield)
rNeg    . . .        (helmet currently unavailable)
rPois   .            (no amulet)
rElec   .            g - ring of resist corrosion
rCorr   +            (no ring)
SInv    .            (no ring)
Will    .....        (no ring)
Stlth   +++          (no ring)
HPRegen 0.25/turn    (no ring)
MPRegen 0.09/turn    (no ring)
                     (no ring)

%: no passive effects
@: beast-form
A: beast (slay +2), almost no armour, amphibious, 8 rings, camouflage 1,
gelatinous body 1, nimble swimmer 1, tentacles
a: Begin Untransformation, Renounce Religion, Stomp


You were in a sewer.
You worshipped Uskayaw.
Uskayaw was noncommittal.
You were a hulking beast.
You visited 2 branches of the dungeon, and saw 5 of its levels.
You also visited: Sewer.

You collected 179 gold pieces.

Inventory:

Hand Weapons
 q - a +1 war axe of electrocution
Missiles
 s - 6 boomerangs
Jewellery
 g - a ring of resist corrosion (left tentacle)
 k - a ring of flight
Talismans
 b - a beast talisman (active)
 c - a flux talisman
Scrolls
 d - 2 scrolls of amnesia {unknown}
 e - a scroll of vulnerability {unknown}
 i - 4 scrolls of enchant weapon {unknown}
 j - 3 scrolls of identify {unknown}
 l - 2 scrolls of teleportation {unknown}
 m - 2 scrolls of fear {unknown}
 t - a scroll of fog {unknown}
 u - a scroll of revelation {unknown}
 v - a scroll of butterflies {unknown}
Potions
 a - a potion of lignification {!q}
 f - a potion of mutation {unknown}
 h - a potion of might {unknown}
 n - a potion of haste {unknown}
 o - a potion of berserk rage {unknown}
 p - a potion of degeneration {unknown}
 r - a potion of curing {unknown}


   Skills:
 + Level 2.2 Fighting
 + Level 0.7 Throwing
 + Level 2.7 Dodging
 * Level 4.3 Unarmed Combat
 + Level 0.7 Invocations
 * Level 4.1 Shapeshifting


You had 4 spell levels left.
You didn't know any spells.
Your spell library contained the following spells:

 Spells                   Type           Power      Damage    Failure   Level
 Apportation              Tloc           0%         N/A       32%         1
 Magic Dart               Conj           0%         1d3       32%         1
 Necrotise                Necr           0%         1d4       32%         1
 Summon Small Mammal      Summ           0%         N/A       32%         1
 Searing Ray              Conj           0%         2d4       45%         2
 Fulminant Prism          Conj/Hex       0%         3d5       97%         4


Dungeon Overview and Level Annotations

Branches:
Dungeon (4/15)             Temple (1/1) D:4           Sewer (1/1)

Altars:
Dithmenos
Fedhas
Gozag
Hepliaklqana
Nemelex Xobeh
Okawaru
Qazlal
Trog
Uskayaw
Vehumet
Wu Jian
Yredelemnul
Zin


Innate Abilities, Weirdness & Mutations

You are a hulking beast.
Your limbs bulge with bestial killing power. (Slay +2)
You cannot wear most types of armour.
You are amphibious.
You can wear up to eight rings at the same time.
Your skin changes colour to match your surroundings (Stealth+).
Your rubbery body absorbs attacks. (AC +1, EV +1)
You are camouflaged when in or above water. (Stealth+)
You have tentacles for arms and can constrict up to eight enemies at once.


Message History

You constrict the ball python. The bat barely misses you.
The river rat bites you. The ball python misses you.
The ball python constricts you.
You bludgeon the ball python!
You kill the ball python!
The bat completely misses you. The river rat closely misses you.
The jackal barely misses you.
You tentacle-slap the river rat but do no damage.
You grab the river rat.
You tentacle-slap the river rat, but do no damage.
You constrict the river rat, but do no damage.
The bat hits you. The river rat bites you! The jackal bites you.
The bat closely misses you.
You are too injured to fight recklessly!
You are too injured to fight recklessly!
You are too injured to fight recklessly!
You are too injured to fight recklessly!
You are too injured to fight recklessly!
You are too injured to fight recklessly!
You are too injured to fight recklessly!
You are too injured to fight recklessly!
You are too injured to fight recklessly!
You are too injured to fight recklessly!
You are too injured to fight recklessly!
You are too injured to fight recklessly!
Unknown command.
You release your grip on the river rat.
The bat attacks as it pursues you!
The bat hits you. x2; The jackal closely misses you.
You enter the deep water.
The jackal attacks as it pursues you! The jackal bites you.
* * * LOW HITPOINT WARNING * * *
The jackal bites you.
* * * LOW HITPOINT WARNING * * *
The bat barely misses you. The bat hits you but does no damage.
You tentacle-slap the bat. Your grab misses the bat. You squeeze the bat.
You kill the bat!
You closely miss the river rat. Your grab misses the river rat.
The river rat barely misses you. The river rat bites you!
You die...

####################
≈≈≈≈≈≈≈≈≈≈≈≈≈≈≈≈≈≈≈#
≈≈≈≈≈≈≈≈≈≈≈≈≈≈≈r≈≈≈#
~.~~~~≈≈≈~~..≈≈rh≈≈#
#####~≈~~..~~.######
#~≈~##.~....#
#####.≈~####~.....#
~.~~~†≈~# ###....#
≈≈≈≈≈~≈.# .....#
~~~~~~≈~# ....##
#####~≈~# !.###
#~≈~# ###


You could see 2 river rats.

Vanquished Creatures
  2 orc wizards
  3 adders
  A river rat (Sewer)
  An ufetubus (D:4)
  6 worms
  3 dart slugs
  12 orcs
  11 ball pythons
  7 endoplasms
  5 giant cockroaches
  5 goblins
  3 hobgoblins
  3 jackals
  4 quokkas
  8 bats
  5 frilled lizards
  3 kobolds
  8 rats
90 creatures vanquished.

Notes
Turn   | Place    | Note
-------+----------+-------------------------------------------
     0 | D:1      | mopl the Octopode Shapeshifter began the quest for the Orb.
     0 | D:1      | Reached XP level 1. HP: 13/13 MP: 1/1
   238 | D:1      | Reached XP level 2. HP: 11/18 MP: 2/2
   776 | D:2      | Reached XP level 3. HP: 23/23 MP: 3/3
  1226 | D:3      | Reached XP level 4. HP: 28/28 MP: 4/4
  1892 | D:3      | Reached skill level 4 in Unarmed Combat
  2087 | D:3      | Reached skill level 2 in Fighting
  2087 | D:3      | Reached XP level 5. HP: 34/34 MP: 5/5
  2405 | D:4      | Found a staircase to the Ecumenical Temple.
  2416 | Temple   | Entered the Ecumenical Temple
  2427 | Temple   | Became a worshipper of Uskayaw the Reveller
  2474 | D:3      | Reached * piety under Uskayaw
  2513 | D:4      | Reached skill level 4 in Shapeshifting
  2513 | D:4      | Reached ** piety under Uskayaw
  2528 | D:4      | Found a glowing drain.
  2539 | Sewer    | Entered a sewer
  2698 | Sewer    | Slain by a river rat

Illustrated notes

Levels and vault maps discovered:
D:1:      dpeg_arrival_simpleton_b, layout_basic, minmay_worlds_worst_comb
D:2:      layout_basic
D:3:      minmay_inner_zag, layout_loops_corners
D:4:      minmay_skewed_foursquare, layout_rooms, temple_fountains,
          portal_sewer_entry_d
Temple:   nicolae_temple_figure_eight
Sewer:    sewer_fruit_machine

Skill      XL: |  1  2  3  4  5 |
---------------+----------------+-----
Unarmed Combat | 4 |  4.3
Fighting       | 2 |  2.2
Shapeshifting  | 4 |  4.1
Throwing       | |  0.7
Dodging        | |  2.7
Invocations    | |  0.7

Action                     |  1- 3 |  4- 6 || total
---------------------------+-------+-------++-------
  Melee: Unarmed           |    72 |    98 ||   170
         Constrict         |    19 |    34 ||    53
         Tentacles         |    15 |    27 ||    42
         Punch             |     2 |     3 ||     5
   Stab: Sleeping          |    12 |     1 ||    13
 Armour: Skin              |    17 |    53 ||    70
  Dodge: Dodged            |    21 |    65 ||    86

Table legend: (Time is in decaauts)
 A = Elapsed time spent in this place.
 B = Non-inter-level travel time spent in this place.
 C = Inter-level travel time spent in this place.
 D = Time resting spent in this place.
 E = Time spent auto-exploring this place.
 F = Levels seen in this place.
 G = Mean time per level.
                   A        B        C        D        E       F      G
               +--------+--------+--------+--------+--------+-----+--------+
         Total |   2685 |   2580 |    105 |    173 |   1847 |   6 |  447.5 |
       Dungeon |   2508 |   2411 |     97 |    173 |   1778 |   4 |  627.0 |
        Temple |     20 |     12 |      8 |      0 |      0 |   1 |   20.0 |
         Sewer |    156 |    156 |      0 |      0 |     69 |   1 |  156.0 |
               +--------+--------+--------+--------+--------+-----+--------+

Top non-repeatable levels by time:
     D:3: 1220 daAuts
     D:1: 673 daAuts
     D:2: 520 daAuts
   Sewer: 156 daAuts
     D:4: 94 daAuts
  Temple: 20 daAuts
